 Dungeon Crawl Stone Soup version 0.19-a0-944-gb338e1e (webtiles) character file.

56 Charly the Chopper (level 3, -1/30 HPs)
             Began as a Minotaur Gladiator on July 8, 2016.
             Slain by an adder skeleton (2 damage)
             ... on level 4 of the Dungeon.
             The game lasted 00:05:50 (282 turns).

Charly the Chopper (Minotaur Gladiator)              Turns: 282, Time: 00:05:51

Health: -1/30      AC:  4    Str: 19    XL:     3   Next: 71%
Magic:  2/2        EV:  9    Int:  5    God:
Gold:   18         SH:  7    Dex: 11    Spells: 0 memorised, 2 levels left

rFire  . . .     SeeInvis .     a - +0 war axe
rCold  . . .     Gourm    .     g - +0 leather armour
rNeg   . . .     Faith    .     m - +0 shield
rPois  .         Spirit   .     c - +0 hat
rElec  .         Dismiss  .     (no cloak)
rCorr  .         Reflect  .     (no gloves)
SustAt .         Harm     .     (no boots)
MR     .....                    h - amulet of inaccuracy (curse)
Stlth  +.........               (no ring)
                                (no ring)

@: not resistant to hostile enchantments, very unstealthy
A: retaliatory headbutt, horns 2, molten scales 1
a: no special abilities


You were on level 4 of the Dungeon.
You were not hungry.

You visited 1 branch of the dungeon, and saw 4 of its levels.

You collected 18 gold pieces.

Inventory:

Hand Weapons
 a - a +0 war axe (weapon)
 b - a +0 blowgun
Missiles
 d - 2 throwing nets (quivered)
 j - 3 poisoned needles
Armour
 c - a +0 hat (worn)
 g - a +0 leather armour (worn)
 m - a +0 shield (worn)
Jewellery
 h - a cursed amulet of inaccuracy (around neck)
 n - an uncursed amulet of faith {unknown}
Potions
 e - a potion of haste
 i - a potion of invisibility
Comestibles
 f - a bread ration


   Skills:
 - Level 2.4 Fighting
 + Level 5.7 Axes
 - Level 2.0 Throwing
 - Level 3.2 Dodging


You had 2 spell levels left.
You didn't know any spells.

Dungeon Overview and Level Annotations

Branches:
Dungeon (4/15)
 Temple: D:4-7

Altars:

Annotations:
D:3 tstbtto's ghost, amateur HEFi


Innate Abilities, Weirdness & Mutations

You reflexively headbutt those who attack you in melee.
You have a pair of horns on your head.
You are partially covered in molten scales. (AC +1)


Message History

There is an entrance to an ossuary on this level.
Hurry and find it before the portal is buried!
There is a stone staircase leading up here.
The rat bites you.
* * * LOW HITPOINT WARNING * * *
An adder skeleton comes into view.
It was a potion of beneficial mutation.
Molten scales grow over part of your body.
You feel fantastic! The orc barely misses you.
You closely miss the orc. You headbutt the orc, but do no damage.
You slash the rat!
You kill the rat!
The orc hits you but does no damage.
You closely miss the orc. The orc hits you but does no damage.
The orc barely misses you. You furiously retaliate!
You headbutt the orc. You hit the orc. You headbutt the orc.
You kill the orc!
You hit the adder skeleton but do no damage.
The adder skeleton bites you but does no damage.
The adder skeleton bites you.
You die...

...
...######
#.....#
#.....#
#....<#
+.....#
#.....#
#[†...#
#@....#
#Z....+
#.....#
.######
.. ...
... ...


You could see an adder skeleton.

Vanquished Creatures
  Ijyb (D:2)
  An adder (D:3)
  A dart slug (D:2)
  A giant gecko (D:2)
  2 orcs
  2 goblins
  4 hobgoblins (D:1)
  2 bats
  A giant newt (D:3)
  3 kobolds
  A rat (D:4)
19 creatures vanquished.

Vanquished Creatures (others)
  A quokka (D:2)
1 creature vanquished.

Grand Total: 20 creatures vanquished

Notes
Turn   | Place    | Note
-------+----------+-------------------------------------------
     0 | D:1      | Charly the Minotaur Gladiator began the quest for the Orb.
     0 | D:1      | Reached XP level 1. HP: 18/18 MP: 0/0
    38 | D:1      | Reached skill level 4 in Axes
    49 | D:1      | Reached XP level 2. HP: 23/25 MP: 1/1
   154 | D:3      | Noticed tstbtto's ghost (amateur HEFi)
   187 | D:2      | Reached skill level 5 in Axes
   210 | D:2      | Noticed Ijyb
   225 | D:2      | Killed Ijyb
   225 | D:2      | Reached XP level 3. HP: 15/30 MP: 2/2
   274 | D:4      | HP: 1/30 [rat (2)]
   278 | D:4      | Gained mutation: You are partially covered in molten scales. (AC +1) [potion of beneficial mutation]
   282 | D:4      | Slain by an adder skeleton

Vault maps used:
D:1:      dpeg_arrival_ternary
D:2:      elyvilon_altar_4, uniq_robin, uniq_iyjb
D:3:      nicolae_qazlal_style_of_elements, uniq_crazy_yiuf_cottage
D:4:      lemuel_coloured_pillars_altar, first_bread,
          nicolae_ossuary_entry_ruins, bloody_makhleb

Skill      XL: |  1  2 |
---------------+-------+-----
Axes           | 4 5 |  5.7
Fighting       | |  2.4
Throwing       | |  2.0
Dodging        | |  3.2

Action                   || total
-------------------------++-------
Melee: War axe           ||    39
       Headbutt          ||     6
 Fire: Blowgun           ||     4
Throw: Throwing net      ||     6
  Use: Scroll            ||     3
       Potion            ||     1
 Stab: Sleeping          ||     1
Armor: Leather armour    ||    11
Dodge: Dodged            ||    24
Block: Shield            ||     3
